 Dungeon Crawl Stone Soup version 0.27-a0-1324-ge0d8e047f6 (webtiles) character file.

Game seed: 15348400278083698524

9377 Froggeryz the Severer (level 11, -6/90 HPs)
             Began as a Barachi Berserker on June 23, 2021.
             Was a High Priest of Trog.
             Mangled by a seven-headed hydra (9 damage)
             ... on level 9 of the Dungeon.
             The game lasted 00:11:43 (9274 turns).

Froggeryz the Severer (Barachi Berserker)           Turns: 9274, Time: 00:11:43

Health: -6/90      AC: 19    Str: 21    XL:     11   Next: 45%
Magic:  11/11      EV:  6    Int:  9    God:    Trog [*****.]
Gold:   632        SH:  0    Dex: 11    Spells: 10/10 levels left

rFire    . . .     SeeInvis .   o - +3 war axe (flame)
rCold    . . .     Faith    .   (no shield)
rNeg     . . .     Spirit   .   D - +3 plate armour {Will+}
rPois    .         Reflect  .   (no helmet)
rElec    .         Harm     .   (no cloak)
rCorr    .         Rampage  .   y - +0 pair of gloves
Will     +....                  (no boots)
Stlth    ..........             h - amulet of the acrobat
HPRegen  0.25/turn              i - ring of flight
MPRegen  0.12/turn              u - +4 ring of protection

@: unable to hop, on berserk cooldown, flying, slowed, very slow
A: amphibious, slowness 1, strong legs 1, +LOS
a: Hop, Renounce Religion, Berserk, Trog's Hand, Brothers in Arms


You were on level 9 of the Dungeon.
You worshipped Trog.
Trog was extremely pleased with you.
You visited 1 branch of the dungeon, and saw 9 of its levels.
You visited the Abyss 1 time.
You also visited: Sewer.

You collected 632 gold pieces.

Inventory:

Hand Weapons
 o - a +3 war axe of flaming (weapon)
Missiles
 b - 71 poisoned darts (quivered)
 k - a throwing net
 C - 6 atropa-tipped darts
Armour
 y - a +0 pair of gloves (worn)
 D - a +3 plate armour of willpower (worn)
Jewellery
 h - an amulet of the acrobat (around neck)
 i - a ring of flight (left hand)
 q - a ring of ice
 r - a ring of protection from cold
 u - a +4 ring of protection (right hand)
Wands
 m - a wand of iceblast (7)
 x - a wand of flame (5)
Scrolls
 a - a scroll of enchant armour
 c - 4 scrolls of enchant weapon
 d - 6 scrolls of teleportation
 j - a scroll of brand weapon
 l - 2 scrolls of fog
 n - 2 scrolls of identify
 t - 2 scrolls of noise
 v - a scroll of amnesia {unknown}
Potions
 e - 3 potions of degeneration {unknown}
 f - 3 potions of mutation
 g - 6 potions of curing
 p - a potion of attraction {unknown}
 w - 2 potions of magic {unknown}
 z - 2 potions of flight {unknown}
 A - a potion of invisibility {unknown}
 B - a potion of cancellation {unknown}


   Skills:
 + Level 9.9 Fighting
 * Level 16.4 Axes
 - Level 2.4 Armour
 - Level 2.1 Dodging


You had 10 spell levels left.
You didn't know any spells.
Your spell library was empty.

Dungeon Overview and Level Annotations

Branches:
Dungeon (9/15)             Temple (0/1) D:5            Lair (0/6) D:9
    Orc (0/2) D:9           Sewer (visited)

Altars:
Ashenzari
Elyvilon
Fedhas
Kikubaaqudgha
Uskayaw
Yredelemnul

Annotations:
D:9 3 runed translucent doors, exclusion: orange crystal statue, Johnny's ghost, novice DEEE


Innate Abilities, Weirdness & Mutations

You are amphibious.
You cover ground slowly.
You can hop short distances.
You have an extended range of vision and can be seen from far away.


Message History

You are too confused!
You are too confused!
You slash the tarantella! You burn the tarantella.
You kill the tarantella!
Trog accepts your kill.
The tarantella's shape twists and changes as it dies.
The centaur warrior shoots an arrow.
The arrow misses you.
You are too confused!
You feel a strong urge to attack something.
You are no longer berserk.
You are exhausted.
You feel yourself slow down.
You are too confused!
The centaur warrior shoots an arrow.
The arrow hits you but does no damage.
The centaur warrior shoots an arrow.
The arrow barely misses you.
You feel better.
The centaur warrior shoots an arrow.
The arrow hits you!
You lop one of the eight-headed hydra's heads off!
The flame cauterises the wound!
You slice the seven-headed hydra!! You burn the seven-headed hydra.
The seven-headed hydra is moderately wounded.
The seven-headed hydra bites you. The seven-headed hydra bites you!
The seven-headed hydra bites you but does no damage.
The seven-headed hydra bites you.
The seven-headed hydra bites you but does no damage.
The seven-headed hydra bites you! x2
* * * LOW HITPOINT WARNING * * *
Okay, then.
Hop to where?
Press: ? - help, Dir - move target Boing!
The seven-headed hydra bites you but does no damage.
The seven-headed hydra bites you!
* * * LOW HITPOINT WARNING * * *
The seven-headed hydra bites you!
* * * LOW HITPOINT WARNING * * *
The seven-headed hydra barely misses you.
The seven-headed hydra bites you but does no damage.
The seven-headed hydra barely misses you.
The seven-headed hydra bites you!
You die...

#... #... #...
#... #... #####
## #...
###...#...#..
#...
#○D†..'...'..
#.##
#@#†..#...#.. #.#
#.#############.#
#......=†.......#
#################


You could see a seven-headed hydra.

Vanquished Creatures
  2 two-headed ogres
  A glowing orange brain (Abyss:2)
  An ugly thing (D:9)
  A manticore (D:9)
  An unseen horror (D:6)
  A troll (D:6)
  A hornet (D:9)
  An air elemental (D:5)
  9 yaks
  A tarantella (shapeshifter) (D:9)
  2 water moccasins (D:9)
  6 orc warriors
  3 hornet zombies
  4 black bears
  2 ogres
  A necrophage (D:8)
  A phantom (D:6)
  A kobold brigand (D:9)
  7 bullfrogs
  A wyvern zombie (D:8)
  2 scorpions (D:9)
  A water moccasin skeleton (D:6)
  11 killer bees
  5 wights (D:8)
  12 howler monkeys
  3 bullfrog zombies
  2 hounds (D:5)
  A gnoll shaman (D:6)
  A jelly (D:5)
  3 orc priests
  4 centaur skeletons
  4 iguanas
  3 orc wizards
  A killer bee zombie (D:6)
  9 gnolls
  7 adders
  A shadow imp (D:7)
  2 white imps (D:7)
  2 ufetubi
  9 dart slugs
  3 worms
  25 orcs
  10 bats
  12 endoplasms
  9 giant cockroaches
  6 goblins
  4 hobgoblins
  4 jackals (Sewer)
  5 quokkas
  7 ball pythons
  4 frilled lizards
  17 kobolds
  6 rats
242 creatures vanquished.

Vanquished Creatures (others)
  23 fungi (D:9)
  27 plants
  3 withered plants (D:6)
53 creatures vanquished.

Grand Total: 295 creatures vanquished

Notes
Turn   | Place    | Note
-------+----------+-------------------------------------------
     0 | D:1      | Froggeryz the Barachi Berserker began the quest for the
                  | Orb.
     0 | D:1      | Reached XP level 1. HP: 18/18 MP: 1/1
   154 | D:1      | Reached XP level 2. HP: 21/24 MP: 2/2
   220 | D:1      | Reached skill level 4 in Axes
  1015 | D:1      | Found a faded altar of an unknown god.
  1055 | D:1      | Reached XP level 3. HP: 29/29 MP: 3/3
  1672 | D:2      | Reached skill level 5 in Axes
  2137 | D:3      | Reached ** piety under Trog
  2138 | D:3      | Reached XP level 4. HP: 18/36 MP: 4/4
  2470 | D:3      | Reached skill level 6 in Axes
  2470 | D:3      | Reached XP level 5. HP: 41/41 MP: 5/5
  2978 | D:4      | Noticed a two-headed ogre
  2993 | D:4      | Killed a two-headed ogre
  2994 | D:4      | Reached skill level 10 in Axes
  2994 | D:4      | Reached XP level 6. HP: 47/47 MP: 6/6
  2994 | D:4      | Reached XP level 7. HP: 52/52 MP: 7/7
  3077 | D:4      | Reached XP level 8. HP: 59/59 MP: 8/8
  3384 | D:4      | Identified the +5 rapier of Teikacs {elec, +Rage}
  3401 | D:4      | Found a broken altar of Ashenzari.
  3407 | D:4      | Reached *** piety under Trog
  3535 | D:5      | Entered Level 5 of the Dungeon
  3614 | D:5      | Cast into level 2 of the Abyss (unwielding a weapon of
                  | distortion)
  3656 | Abyss:2  | Noticed an air elemental
  3657 | Abyss:2  | Noticed a glowing orange brain
  3661 | Abyss:2  | Killed a glowing orange brain
  3661 | Abyss:2  | Paralysed by an air elemental for 1 turns
  3662 | Abyss:2  | Reached skill level 11 in Axes
  3664 | D:5      | Escaped the Abyss
  3665 | D:5      | Paralysed by an air elemental for 1 turns
  3668 | D:5      | Paralysed by an air elemental for 1 turns
  3671 | D:5      | Killed an air elemental
  3911 | D:5      | Reached skill level 12 in Axes
  4010 | D:5      | Found a staircase to the Ecumenical Temple.
  4433 | D:6      | Reached XP level 9. HP: 64/64 MP: 9/9
  4470 | D:6      | Found a blossoming altar of Fedhas.
  4479 | D:6      | Found an ancient bone altar of Kikubaaqudgha.
  4514 | D:6      | Found a glowing drain.
  4530 | Sewer    | Entered a sewer
  4827 | Sewer    | Reached **** piety under Trog
  5131 | D:6      | Reached skill level 13 in Axes
  5382 | D:6      | Found a basalt altar of Yredelemnul.
  5628 | D:6      | Noticed a two-headed ogre
  5641 | D:6      | Noticed a troll
  5647 | D:6      | Killed a two-headed ogre
  5648 | D:6      | Reached skill level 5 in Fighting
  5653 | D:6      | Killed a troll
  5654 | D:6      | Reached skill level 14 in Axes
  5859 | D:6      | Killed an unseen horror
  5860 | D:6      | Reached XP level 10. HP: 47/77 MP: 10/10
  6193 | D:6      | Identified the +7 hunting sling "Dor Ygu" {flame, Contam
                  | rF- Will++ Dex+3}
  7495 | D:8      | Reached ***** piety under Trog
  7510 | D:8      | Reached skill level 15 in Axes
  7669 | D:8      | Found a white marble altar of Elyvilon.
  8503 | D:8      | Reached XP level 11. HP: 85/87 MP: 11/11
  8688 | D:9      | Noticed Johnny's ghost (novice DEEE)
  8689 | D:9      | Noticed a wizard
  8712 | D:9      | Found a runed translucent gate.
  8712 | D:9      | Found a runed translucent gate.
  8714 | D:9      | Found a runed translucent gate.
  8834 | D:9      | Noticed an orange crystal statue
  8944 | D:9      | Found a staircase to the Lair.
  8950 | D:9      | Reached skill level 16 in Axes
  9048 | D:9      | Found a staircase to the Orcish Mines.
  9132 | D:9      | Found a hide-covered altar of Uskayaw.
  9240 | D:9      | Noticed a purple ugly thing
  9243 | D:9      | Noticed a manticore
  9258 | D:9      | Noticed an eight-headed hydra
  9260 | D:9      | Killed a purple ugly thing
  9260 | D:9      | Noticed a centaur warrior
  9267 | D:9      | Killed a manticore
  9274 | D:9      | HP: 3/90 [seven-headed hydra (8)]
  9274 | D:9      | Mangled by a seven-headed hydra

Illustrated notes

Levels and vault maps discovered:
D:1:      minmay_arrival_wavy_path, layout_loops_ring,
          ebering_ecumenical_altar_webs, minmay_tetromino_l2
D:2:      layout_loops_corners
D:3:      layout_rooms
D:4:      kennysheep_slugbush, layout_rooms, nicolae_overflow_crystal_walls,
          serial_forest, infiniplex_forest_lined_3_way,
          infiniplex_forest_end_double, infiniplex_forest_end_2,
          infiniplex_forest_end_1, infiniplex_forest_straight_2,
          grunt_ministairs_14
D:5:      layout_loops_ring, minmay_temple_entry_overgrown
D:6:      minmay_chambers_of_sixes, layout_basic,
          grunt_temple_overflow_growth_and_decay, lemuel_doored_altar,
          gup_sewer_entry_pipe, hangedman_decor_growths
D:7:      layout_loops_ring
D:8:      layout_cave_pods, kennysheep_mini_moat
D:9:      layout_long_grid, nicolae_uskayaw_dance_studio,
          due_lair_maze_entry_diamond, gammafunk_ghost_split, minivault_16,
          minmay_evil_grid

Skill      XL: |  1  2  3  4  5  6  7  8  9 10 11 |
---------------+----------------------------------+-----
Axes           | 4 5 6 10 12 14 15 16 | 16.4
Fighting       | 6 8 9 |  9.9
Armour         | |  2.4
Dodging        | |  2.1

Action                   |  1- 3 |  4- 6 |  7- 9 | 10-12 || total
-------------------------+-------+-------+-------+-------++-------
Melee: Hand axe          |   104 |    62 |    14 |       ||   180
       War axe           |       |       |   173 |   295 ||   468
Throw: Dart              |       |       |     1 |       ||     1
Invok: Berserk           |     1 |     2 |     3 |     3 ||     9
       Trog's Hand       |       |       |       |     1 ||     1
 Abil: Hop               |       |       |       |     1 ||     1
  Use: Scroll            |       |       |     1 |    10 ||    11
       Potion            |       |       |       |     1 ||     1
 Stab: Sleeping          |     2 |       |       |       ||     2
Armor: Animal skin       |    14 |       |       |       ||    14
       Scale mail        |    11 |    28 |    60 |    24 ||   123
       Plate armour      |       |       |       |    89 ||    89
Dodge: Dodged            |    63 |    30 |   127 |   150 ||   370

Table legend: (Time is in decaauts)
 A = Elapsed time spent in this place.
 B = Non-inter-level travel time spent in this place.
 C = Inter-level travel time spent in this place.
 D = Time resting spent in this place.
 E = Time spent auto-exploring this place.
 F = Levels seen in this place.
 G = Mean time per level.
                   A        B        C        D        E       F      G
               +--------+--------+--------+--------+--------+-----+--------+
         Total |  10369 |   9878 |    491 |    870 |   7584 |  11 |  942.6 |
       Dungeon |   9848 |   9357 |    491 |    870 |   7193 |   9 | 1094.2 |
         Abyss |     57 |     57 |      0 |      0 |     22 |   1 |   57.0 |
         Sewer |    464 |    464 |      0 |      0 |    368 |   1 |  464.0 |
               +--------+--------+--------+--------+--------+-----+--------+

Top non-repeatable levels by time:
     D:6: 1520 daAuts
     D:8: 1445 daAuts
     D:1: 1313 daAuts
     D:7: 1231 daAuts
     D:2: 1005 daAuts
     D:5: 983 daAuts
     D:3: 957 daAuts
     D:4: 735 daAuts
     D:9: 655 daAuts
   Sewer: 464 daAuts
 Abyss:2: 57 daAuts
